 Dungeon Crawl Stone Soup version 0.23-a0-703-gdf2d5e0dd9 (webtiles) character file.

349 Morbidden the Twirler (level 6, 0/65 HPs)
             Began as an Ogre Gladiator on Jan 13, 2019.
             Was a Believer of Wu Jian.
             Slain by an orc wizard
             ... wielding a +0 long sword
              (6 damage)
             ... on level 4 of the Dungeon.
             The game lasted 00:07:52 (3176 turns).

Morbidden the Twirler (Ogre Gladiator)              Turns: 3176, Time: 00:07:52

Health: 0/65       AC:  3    Str: 21    XL:     6   Next: 60%
Magic:  6/6        EV: 10    Int:  9    God:    Wu Jian [**....]
Gold:   162        SH:  0    Dex: 10    Spells: 5/5 levels left

rFire    . . .     SeeInvis .   a - +0 quarterstaff
rCold    . . .     Gourm    .   (shield currently unavailable)
rNeg     . . .     Faith    .   b - +0 robe
rPois    .         Spirit   .   c - +0 hat
rElec    .         Reflect  .   (no cloak)
rCorr    .         Harm     .   (gloves unavailable)
MR       .....                  (boots unavailable)
Stlth    +.........             (no amulet)
HPRegen  0.20/turn              (no ring)
MPRegen  0.10/turn              (no ring)

@: drained
A: large, unfitting armour, tough skin 1
a: Wall Jump, Renounce Religion


You were on level 4 of the Dungeon.
You worshipped Wu Jian.
Wu Jian was pleased with you.
You were hungry.

You visited 1 branch of the dungeon, and saw 4 of its levels.

You collected 162 gold pieces.

Inventory:

Hand Weapons
 a - a +0 quarterstaff (weapon)
Missiles
 d - 3 throwing nets
 p - 92 stones (quivered)
Armour
 b - a +0 robe (worn)
 c - a +0 hat (worn)
Scrolls
 g - 3 scrolls of identify
 h - a scroll of random uselessness {unknown}
 i - a scroll of immolation {unknown}
 j - a scroll of enchant weapon {unknown}
 k - a scroll of magic mapping {unknown}
 l - a scroll of teleportation {unknown}
 m - a scroll of fear {unknown}
 n - a scroll of amnesia {unknown}
 o - a scroll of enchant armour {unknown}
Potions
 e - a potion of flight
 q - a potion of lignification {unknown}
Comestibles
 f - 7 rations
 s - a chunk of flesh


   Skills:
 * Level 4.8(4.4) Fighting
 * Level 5.8(5.4) Staves
 + Level 2.2(1.9) Throwing
 + Level 3.5(3.1) Dodging


You had 5 spell levels left.
You didn't know any spells.
Your spell library was empty.

Dungeon Overview and Level Annotations

Branches:
Dungeon (4/15)
 Temple: D:4-7

Altars:
Dithmenos
Elyvilon
Makhleb
Nemelex Xobeh
Wu Jian

Shops:
D:4 :


Innate Abilities, Weirdness & Mutations

You are too large for most types of armour.
You have tough skin. (AC +1)


Message History

The leopard gecko barely misses you. The orc priest hits you with a +0 mace.
Unknown command.
You sock the leopard gecko!
You kill the leopard gecko!
The Council accepts your kill.
You can now perform airborne attacks.
The orc wizard gestures at you while chanting.
The magic dart hits something.
The orc priest hits you with a +0 mace.
* * * LOW HITPOINT WARNING * * *
Something hits you!
* * * LOW HITPOINT WARNING * * *
You closely miss the orc priest.
The orc priest is severely wounded.
The orc priest barely misses you.
Unknown command.
You sock the orc priest!
You kill the orc priest!
The Council accepts your kill.
You feel your dexterity returning. Something hits you.
You die...

#..
..............
#..
.............
#..#
............
#...
.............
..#...####..#
#.......<...#
...{..oh###.# #
......#o###....
..... #@{......
. ..< ..#.
######... (....
..# (.#.. ..#
#g?.# #..#
.(#.####...
.(...#.....
##)....##
#...#...##


You could see a hound, an orc wizard and an orc.

Vanquished Creatures
  A quasit (D:3)
  2 hounds
  2 orc priests
  An orc wizard (D:3)
  A gnoll (D:4)
  6 adders
  An ooze (D:3)
  5 worms
  5 dart slugs
  2 leopard geckos
  3 orcs
  5 giant cockroaches
  6 goblins
  10 hobgoblins
  2 jackals (D:4)
  5 quokkas
  7 bats
  7 frilled lizards
  9 kobolds
  6 rats
86 creatures vanquished.

Notes
Turn   | Place    | Note
-------+----------+-------------------------------------------
     0 | D:1      | Morbidden the Ogre Gladiator began the quest for the Orb.
     0 | D:1      | Reached XP level 1. HP: 22/22 MP: 1/1
   295 | D:1      | Reached XP level 2. HP: 22/29 MP: 2/2
   607 | D:1      | Reached XP level 3. HP: 34/37 MP: 3/3
  1304 | D:2      | Found a shadowy altar of Dithmenos.
  1304 | D:2      | Found a sparkling altar of Nemelex Xobeh.
  1342 | D:2      | Found a white marble altar of Elyvilon.
  1342 | D:2      | Found an ornate altar of the Wu Jian Council.
  1366 | D:2      | Became a worshipper of the Wu Jian Council
  1502 | D:2      | Reached skill level 4 in Staves
  1504 | D:2      | Reached XP level 4. HP: 45/45 MP: 4/4
  1566 | D:2      | Found a faded altar of an unknown god.
  1980 | D:3      | Reached XP level 5. HP: 32/54 MP: 5/5
  2093 | D:3      | Reached * piety under Wu Jian
  2186 | D:3      | Reached skill level 5 in Staves
  2557 | D:3      | Found a burning altar of Makhleb.
  2567 | D:3      | Reached XP level 6. HP: 45/62 MP: 6/6
  3076 | D:4      | Found Cahesche's Book Emporium.
  3174 | D:4      | Reached ** piety under Wu Jian
  3176 | D:4      | Slain by an orc wizard

Vault maps used:
D:1:      matt_arrival_los_fun
D:2:      grunt_temple_overflow_open, chequers_ecumenical_altar_simple,
          first_ration, st_stairs_1
D:3:      makhleb_heckhound_becter
D:4:      cheibrodos_pilgrimage, minmay_temple_entry_offerings, serial_shops,
          nicolae_shop_crystal, nicolae_ossuary_entry_plus

Skill      XL: |  1  2  3  4  5 |
---------------+----------------+-----
Fighting       | 3 4 |  4.8
Dodging        | 3 |  3.5
Staves         | 4 5 |  5.8
Throwing       | |  2.2

Action                   |  1- 3 |  4- 6 || total
-------------------------+-------+-------++-------
Melee: Quarterstaff      |   105 |   177 ||   282
Throw: Stone             |       |    48 ||    48
Invok: Lunge             |     3 |    17 ||    20
       Whirlwind         |       |     7 ||     7
  Use: Scroll            |       |     1 ||     1
       Potion            |       |     3 ||     3
  Eat: Chunk             |     1 |     6 ||     7
Armor: Robe              |    55 |    58 ||   113
Dodge: Dodged            |    92 |   102 ||   194

Table legend:
 A = Non-vault XP
 B = Vault XP
 C = Vault XP percentage of total XP
 D = Non-vault monster count
 E = Vault monster count
 F = Vault count percentage of total count
                 A         B        C        D         E       F
            +---------+---------+-------+---------+---------+-------
      Total |     407 |      92 |  18.4 |      80 |       6 |   7.0
            +---------+---------+-------+---------+---------+-------
        D:1 |      40 |       0 |   0.0 |      21 |       0 |   0.0
        D:2 |      68 |       3 |   4.2 |      23 |       2 |   8.0
        D:3 |     206 |      45 |  17.9 |      28 |       2 |   6.7
        D:4 |      93 |      44 |  32.1 |       8 |       2 |  20.0
            +---------+---------+-------+---------+---------+-------
